 Dungeon Crawl Stone Soup version 0.30-a0-743-gbfdf073431 (webtiles) character file.

Game seed: 7796225587671559164

7079 Chromium the Protected (level 10, 0/98 HPs)
             Began as an Armataur Fighter on Feb 1, 2023.
             Was a Priest of Makhleb.
             Slain by a hornet (7 damage)
             ... on level 7 of the Dungeon on Feb 8, 2023.
             The game lasted 00:37:23 (7776 turns).

Chromium the Protected (Armataur Fighter)           Turns: 7776, Time: 00:37:24

Health: 0/98       AC: 15    Str: 32    XL:     10   Next: 84%
Magic:  10/10      EV: 18    Int:  4    God:    Makhleb [***...]
Gold:   160        SH:  0    Dex: 10    Spells: 9/9 levels left

rFire   . . .      SeeInvis .    n - +7 falchion of Dioroq {drain, +Blink rElec Int-4}
rCold   . . .      Faith    +    (no shield)
rNeg    . . .      Spirit   .    x - +1 acid dragon scales
rPois   .          Reflect  .    (no helmet)
rElec   +          Harm     .    y - +1 cloak of Starlight {*Dazzle EV+4 Stlth--}
rCorr   +          Roll     +    u - +2 pair of gloves
Will    .....                    (no barding) Stlth
                                 i - amulet of faith
HPRegen 0.36/turn                e - +5 ring of evasion
MPRegen 0.12/turn                q - +6 ring of strength

@: slowed, very slow
A: large, rugged brown scales 3, deformed body, armoured tail, roll, long
tongue, awkward tongue
a: Renounce Religion, Evoke Blink, Minor Destruction, Lesser Servant of Makhleb


You were on level 7 of the Dungeon.
You worshipped Makhleb.
Makhleb was most pleased with you.
You visited 2 branches of the dungeon, and saw 9 of its levels.

You collected 623 gold pieces.
You spent 463 gold pieces at shops.

Inventory:

Hand Weapons
 k - a +4 war axe
 n - the +7 falchion of Dioroq (weapon) {drain, +Blink rElec Int-4}
   (You found it on level 4 of the Dungeon)

   Int:       It affects your intelligence (-4).
   rElec:     It insulates you from electricity.
   +Blink:    It lets you blink.
 s - the +4 trident "Lipeh" {protect, *Slow SInv Stlth+}
   (You found it on level 6 of the Dungeon)

   SInv:      It lets you see invisible.
   *Slow:     It may slow you when you take damage.
   Stlth:     It makes you more stealthy.
Armour
 c - a +0 buckler
 j - a +0 kite shield
 u - a +2 pair of gloves (worn)
 x - +1 acid dragon scales (worn)
 y - the +1 cloak of Starlight (worn) {*Dazzle EV+4 Stlth--}
   (You bought it in a shop on level 7 of the Dungeon)

   *Dazzle:   It may blind those who miss an attack against the wearer in melee
   combat.
   EV:        It affects your evasion (+4).
   Stlth:     It makes you much less stealthy.
Jewellery
 e - a +5 ring of evasion (left hand)
 i - an amulet of faith (around neck)
 q - a +6 ring of strength (right hand)
Scrolls
 b - 2 scrolls of fog
 f - 3 scrolls of identify
 g - a scroll of amnesia
 h - a scroll of magic mapping
 l - 2 scrolls of teleportation
 p - a scroll of brand weapon
 v - 2 scrolls of fear
Potions
 d - a potion of ambrosia
 m - a potion of brilliance
 w - 3 potions of flight


   Skills:
 + Level 9.6 Fighting
 - Level 8.2 Long Blades
 - Level 3.0 Polearms
 + Level 10.8 Armour
 - Level 1.3 Dodging
 - Level 1.8 Stealth
 - Level 4.7 Shields


You had 9 spell levels left.
You didn't know any spells.
Your spell library contained the following spells:

 Spells                   Type           Power      Damage    Failure   Level
 Slow                     Hex            0%         N/A       54%         1
 Blink                    Tloc           0%         N/A       67%         2
 Cigotuvi's Dreadful Rot  Necr/Pois/Air  0%         N/A       67%         2
 Lesser Beckoning         Tloc           0%         N/A       67%         2
 Momentum Strike          Conj/Tloc      0%         3d8       67%         2
 Poisonous Vapours        Pois/Air       0%         N/A       67%         2
 Confusing Touch          Hex            0%         N/A       88%         3
 Mephitic Cloud           Conj/Pois/Air  0%         N/A       88%         3
 Vampiric Draining        Necr           0%         2d6       88%         3


Dungeon Overview and Level Annotations

Branches:
Dungeon (8/15)             Temple (1/1) D:5
   Lair: D:8-11

Altars:
Elyvilon
Fedhas
Kikubaaqudgha
Makhleb
Nemelex Xobeh
Okawaru
Yredelemnul
The Shining One

Shops:
D:2 ?[(=   D:4 *   D:5 ?   D:7 [


Innate Abilities, Weirdness & Mutations

You are completely covered in rugged brown scales. (AC +3, +7% HP)
Armour fits poorly on your strangely shaped body.
You have a long armoured tail.
You roll when moving toward enemies. (Rampage)
Your long tongue fully drains potion bottles. (2x potion effects)
Your tongue gives you trouble enunciating. (1.5x scroll delay)


Message History

The manticore completely misses you.
You hit the manticore. You drain the manticore. You tail-slap the manticore!
The manticore is almost dead.
You catch the helpless manticore completely off-guard!
You hit the manticore.
The manticore is almost dead.
The red ugly thing basks in the mutagenic energy from its kin and changes!
Your surroundings suddenly seem different.
Found a Fen Folio.
Found a stone staircase leading up.
Found a stone staircase leading down.
A hornet comes into view.
Found a ring mail.
The hornet buzzes angrily.
Found an escape hatch in the floor.
The hornet stings you but does no damage.
The hornet completely misses you.
The hornet stings you but does no damage.
There is a stone staircase leading up here.
The hornet misses you.
The hornet's vision is obscured by starry radiance!
You climb upwards.
There is a stone staircase leading down here.
You completely miss the hornet. The hornet stings you!
* * * LOW HITPOINT WARNING * * *
You suddenly lose the ability to move!
The hornet stings you but does no damage.
The hornet stings you!
* * * LOW HITPOINT WARNING * * *
You feel yourself slow down. The hornet stings you.
* * * LOW HITPOINT WARNING * * *
You feel as though you will be slow longer.
The hornet stings you but does no damage.
The hornet stings you.
* * * LOW HITPOINT WARNING * * *
You feel as though you will be slow longer.
You can move again.
The hornet stings you!
Keep equipping yourself?
You die...

#### #..)#
#.....#........##.##
...# #####
#.....#........##.# ...#
##..#........<....##
...######
####...................
...##...#
#.###............###.##
...##...#
#.####.#.#.....#.###.##
#####...#
#....!.#.##'####.......
#...#######...[##.#
#.###!##
#...........@y###.####.#
#.#
##..####...............#
#.#
#................####.#
#.#
#..####.####.##.#####.#
#.# #.......#
#..........###.##
#######.######
####.............
........# #######.###.##
######### #.# #.# #.#
#.#


You could see a hornet (blind).

Vanquished Creatures
  2 centaur warriors (D:8)
  A tengu warrior (D:8)
  A deep elf pyromancer (D:8)
  Maurice (D:8)
  A troll (D:8)
  2 hornets
  Sigmund (D:2)
  2 yaks (D:8)
  A vampire mosquito (D:8)
  A steam dragon (D:7)
  Menkaure (D:6)
  2 water moccasins
  An acid dragon (D:8)
  A black bear (D:8)
  2 orc warriors
  An ice beast (D:6)
  2 sky beasts
  2 centaurs
  2 ogres
  A kobold brigand (D:5)
  2 necrophages (D:6)
  3 scorpions
  6 wights (D:8)
  6 killer bees (D:8)
  4 howler monkeys (D:8)
  A gnoll bouda (D:8)
  4 hounds (D:5)
  A jelly (D:8)
  4 orc priests
  Crazy Yiuf (D:7)
  Ijyb (D:3)
  6 iguanas
  7 orc wizards
  11 adders
  7 gnolls
  A white imp (D:5)
  An ufetubus (D:5)
  2 worms
  4 dart slugs
  22 orcs
  7 endoplasms
  2 giant cockroaches
  16 hobgoblins
  4 jackals (D:5)
  3 quokkas
  6 ball pythons
  2 bats
  4 frilled lizards
  9 goblins
  2 goblin skeletons (D:5)
  2 goblin zombies (D:5)
  A hobgoblin zombie (D:5)
  11 kobolds
  3 kobold skeletons (D:5)
  2 kobold zombies (D:5)
  3 orc zombies (D:5)
  2 rats (D:2)
201 creatures vanquished.

Vanquished Creatures (others)
  4 plants
4 creatures vanquished.

Grand Total: 205 creatures vanquished

Notes
Turn   | Place    | Note
-------+----------+-------------------------------------------
     0 | D:1      | Chromium the Armataur Fighter began the quest for the Orb.
     0 | D:1      | Reached XP level 1. HP: 19/19 MP: 1/1
   989 | D:2      | Reached skill level 4 in Armour
   996 | D:2      | Reached XP level 2. HP: 25/26 MP: 2/2
  1158 | D:2      | Reached XP level 3. HP: 33/33 MP: 2/3
  1279 | D:2      | Found Ekkoh's Jewellery Boutique.
  1397 | D:2      | Found Sijalox's Antique Armour Shoppe.
  1455 | D:2      | Found Ryput's Magic Scroll Shop.
  1460 | D:2      | Bought a scroll of enchant armour for 97 gold pieces
  1560 | D:2      | Found Evuygaf's Weapon Shop.
  1716 | D:2      | Noticed Sigmund
  1727 | D:2      | Killed Sigmund
  1728 | D:2      | Reached skill level 1 in Polearms
  1728 | D:2      | Reached skill level 1 in Stealth
  1728 | D:2      | Reached XP level 4. HP: 37/40 MP: 4/4
  1728 | D:2      | Reached XP level 5. HP: 44/48 MP: 5/5
  1952 | D:3      | Found a faded altar of an unknown god.
  1956 | D:3      | Noticed Ijyb
  2012 | D:3      | Killed Ijyb
  2016 | D:3      | Reached skill level 5 in Armour
  2016 | D:3      | Reached skill level 1 in Dodging
  2016 | D:3      | Reached XP level 6. HP: 11/54 MP: 6/6
  2955 | D:4      | Identified the +7 falchion of Dioroq {drain, +Blink rElec
                  | Int-4}
  3057 | D:4      | Found Kioder's General Store.
  3192 | D:4      | Reached XP level 7. HP: 60/60 MP: 7/7
  3994 | D:5      | Entered Level 5 of the Dungeon
  4011 | D:5      | Found a staircase to the Ecumenical Temple.
  4017 | Temple   | Entered the Ecumenical Temple
  4034 | Temple   | Became a worshipper of Makhleb the Destroyer
  4579 | D:5      | Reached * piety under Makhleb
  4593 | D:5      | Reached skill level 5 in Long Blades
  4603 | D:5      | Found a glowing golden altar of the Shining One.
  4723 | D:5      | Reached XP level 8. HP: 68/68 MP: 8/8
  4815 | D:5      | Found Imeiloa's Magic Scroll Shop.
  5033 | D:6      | Identified the +4 trident "Lipeh" {protect, *Slow SInv
                  | Stlth+}
  5306 | D:6      | Reached skill level 6 in Armour
  5319 | D:6      | Noticed Menkaure
  5331 | D:6      | Killed Menkaure
  5331 | D:6      | Reached ** piety under Makhleb
  5935 | D:7      | Found a white marble altar of Elyvilon.
  6037 | D:7      | Noticed a hornet
  6050 | D:7      | Killed a hornet
  6307 | D:7      | Found Urism's Armour Shoppe.
  6364 | D:7      | Reached XP level 9. HP: 73/75 MP: 9/9
  6651 | D:7      | Found a runed translucent door.
  6652 | D:7      | Noticed Crazy Yiuf
  6658 | D:7      | Killed Crazy Yiuf
  6873 | D:7      | Reached skill level 5 in Fighting
  7054 | D:7      | Bought the +1 cloak of Starlight {*Dazzle EV+4 Stlth--} for
                  | 366 gold pieces
  7054 | D:7      | Found the +1 cloak of Starlight {*Dazzle EV+4 Stlth--}
  7125 | D:8      | Reached skill level 7 in Armour
  7357 | D:8      | Noticed Maurice
  7358 | D:8      | Paralysed by Maurice for 3 turns
  7370 | D:8      | Killed Maurice
  7371 | D:8      | Reached skill level 8 in Armour
  7394 | D:8      | Noticed a troll
  7408 | D:8      | Killed a troll
  7432 | D:8      | Reached XP level 10. HP: 69/92 MP: 10/10
  7441 | D:8      | Reached skill level 9 in Armour
  7546 | D:8      | Reached *** piety under Makhleb
  7640 | D:8      | Noticed a tengu warrior
  7641 | D:8      | Upgraded the game from 0.30-a0-737-gf23d94013f to
                  | 0.30-a0-743-gbfdf073431
  7663 | D:8      | Killed a tengu warrior
  7679 | D:8      | Noticed a centaur warrior
  7689 | D:8      | Killed a centaur warrior
  7690 | D:8      | Reached skill level 10 in Armour
  7715 | D:8      | Noticed a deep elf pyromancer
  7717 | D:8      | Noticed a centaur warrior
  7735 | D:8      | Killed a deep elf pyromancer
  7740 | D:8      | Noticed a green ugly thing
  7740 | D:8      | Noticed a red ugly thing
  7744 | D:8      | Noticed a manticore
  7752 | D:8      | Killed a centaur warrior
  7772 | D:7      | Paralysed by a hornet for 3 turns
  7776 | D:7      | Slain by a hornet

Illustrated notes

Levels and vault maps discovered:
D:1:      psy_arrival_radial02, layout_basic
D:2:      minmay_alternating_diamond, layout_basic, serial_shops,
          nicolae_shop_hallway_plus, shop, nicolae_shop_advertising_works
          [nicolae_subvault_shop_adworks], shop_fountains, uniq_sigmund
D:3:      layout_loops_cross, hellmonk_ecumenical_altar_blasted,
          minmay_goblin_outpost, uniq_ijyb
D:4:      layout_layer_cave, serial_shops, shop
D:5:      minmay_chambers_of_fours, layout_rooms, nicolae_tso_besieged_by_evil,
          temple_green, serial_shops, shop, guppyfry_early_lair_pool
D:6:      corexii_shantytown, layout_layer_cave, uniq_menkaure
D:7:      layout_basic, elyvilon_altar_3, nicolae_ossuary_entry_plus,
          serial_shops, shop, uniq_crazy_yiuf_cottage
D:8:      minmay_the_grid_octo_tiled_octocenter [minmay_the_grid_octo_horde,
          minmay_the_grid_octo_toaster, minmay_the_grid_octo_empty,
          minmay_the_grid_octo_thin_diamonds, minmay_the_grid_octo_prize_big_c,
          minmay_the_grid_square_5x5_fat_x, minmay_the_grid_square_5x5_shuriken,
          minmay_the_grid_square_5x5_gyroscope,
          minmay_the_grid_square_5x5_eight_small], layout_cave_pools,
          nicolae_overflow_hidden_temple, uniq_maurice
Temple:   nicolae_temple_bog_church

Skill      XL: |  1  2  3  4  5  6  7  8  9 10 |
---------------+-------------------------------+-----
Armour         | 4 5 6 8 10 | 10.8
Fighting       | 3 4 7 9 |  9.6
Long Blades    | 2 5 8 |  8.2
Polearms       | 1 3 |  3.0
Stealth        | 1 |  1.8
Shields        | 4 |  4.7
Dodging        | 1 |  1.3

Action                     |  1- 3 |  4- 6 |  7- 9 | 10-12 || total
---------------------------+-------+-------+-------+-------++-------
  Melee: Long sword        |    22 |       |       |       ||    22
         Spear             |    56 |   113 |       |       ||   169
         Tailslap          |     7 |    17 |    39 |    13 ||    76
         Falchion          |       |     3 |   307 |   126 ||   436
         Punch             |       |       |       |     1 ||     1
    Use: Scroll            |     2 |     2 |    11 |     1 ||    16
         Potion            |     3 |     5 |     4 |     3 ||    15
   Stab: Distracted        |       |     1 |       |       ||     1
         Sleeping          |       |       |     8 |       ||     8
         Invisible         |       |       |     5 |     2 ||     7
 Armour: Leather armour    |    32 |    38 |    92 |       ||   162
         Scale mail        |     1 |       |       |       ||     1
         Acid dragon scale |       |       |    19 |    50 ||    69
  Dodge: Dodged            |    25 |    34 |   142 |   128 ||   329
  Block: Buckler           |    14 |    20 |    62 |    18 ||   114

Table legend: (Time is in decaauts)
 A = Elapsed time spent in this place.
 B = Non-inter-level travel time spent in this place.
 C = Inter-level travel time spent in this place.
 D = Time resting spent in this place.
 E = Time spent auto-exploring this place.
 F = Levels seen in this place.
 G = Mean time per level.
                   A        B        C        D        E       F      G
               +--------+--------+--------+--------+--------+-----+--------+
         Total |   7813 |   6610 |   1203 |      0 |   5129 |   9 |  868.1 |
       Dungeon |   7780 |   6607 |   1173 |      0 |   5129 |   8 |  972.5 |
        Temple |     32 |      2 |     30 |      0 |      0 |   1 |   32.0 |
               +--------+--------+--------+--------+--------+-----+--------+

Top non-repeatable levels by time:
     D:4: 1313 daAuts
     D:7: 1165 daAuts
     D:1: 986 daAuts
     D:6: 978 daAuts
     D:5: 929 daAuts
     D:3: 904 daAuts
     D:2: 821 daAuts
     D:8: 681 daAuts
  Temple: 32 daAuts
